 Dungeon Crawl Stone Soup version 0.31-a0-1005-gfbdfbac (webtiles) character file.

Game seed: 4648058557367703818

5170 PurpleRed the Destroyer (level 10, -1/52 HPs)
             Began as a Deep Elf Brigand on Nov 10, 2023.
             Was a Believer of Vehumet.
             Slain by a harpy skeleton (7 damage)
             ... on level 2 of the Abyss.
             The game lasted 00:45:51 (4258 turns).

PurpleRed the Destroyer (Deep Elf Brigand)          Turns: 4258, Time: 00:45:51

Health: -1/52      AC:  6    Str:  8    XL:     10   Next: 34%
Magic:  14/25      EV: 12    Int: 21    God:    Vehumet [**....]
Gold:   75         SH:  0    Dex: 22    Spells: 10/28 levels left

rFire   + . .        i - +2 demon whip (venom)
rCold   + . .        (no shield)
rNeg    . . .        D - +0 steam dragon scales
rPois   .            (no helmet)
rElec   .            j - scarf {rC+ rF+}
rCorr   .            A - +0 pair of gloves
SInv    .            (no boots)
Will    +....        B - amulet of regeneration
Stlth   +++          E - +6 ring of dexterity
HPRegen 1.08/turn    C - ring of wizardry
MPRegen 0.19/turn

%: wizardry (x1)
@: no status effects
A: no striking features
a: Renounce Religion


You were on level 2 of the Abyss.
You worshipped Vehumet.
Vehumet was pleased with you.
You visited 2 branches of the dungeon, and saw 10 of its levels.
You visited the Abyss 1 time.

You collected 355 gold pieces.
You spent 280 gold pieces at shops.

Inventory:

Hand Weapons
 a - a +2 dagger
 i - a +2 demon whip of venom (weapon)
Missiles
 d - 36 poisoned darts (quivered)
 e - 2 curare-tipped darts
 f - 5 javelins
 s - a throwing net
Armour
 b - a +0 robe
 c - a +0 cloak
 g - an orb of wrath
 h - a +0 leather armour
 j - a scarf of resistance (worn)
 l - a +0 scale mail
 m - a +0 ring mail
 A - a +0 pair of gloves (worn)
 D - +0 steam dragon scales (worn)
 F - a +0 leather armour of fire resistance
Magical Staves
 x - a staff of earth
Jewellery
 o - a ring of ice
 y - an amulet of magic regeneration
 B - an amulet of regeneration (around neck)
 C - a ring of wizardry (right hand)
 E - a +6 ring of dexterity (left hand)
Talismans
 u - a granite talisman
Wands
 t - a wand of mindburst (6)
Scrolls
 z - 2 scrolls of identify
Potions
 k - 3 potions of curing
 n - 2 potions of enlightenment
 p - a potion of mutation
 v - 2 potions of lignification
 w - a potion of ambrosia


   Skills:
 - Level 1.5 Fighting
 - Level 2.0 Short Blades
 - Level 2.0 Throwing
 - Level 1.2 Dodging
 - Level 4.8 Stealth
 + Level 9.5 Spellcasting
 * Level 12.2 Conjurations
 - Level 5.0 Necromancy
 - Level 4.0 Transmutations
 + Level 4.9 Fire Magic


You had 10 spell levels left.
You knew the following spells:

 Your Spells              Type           Power      Damage    Failure   Level
a - Vampiric Draining     Necr           31%        2d8       1%          3
b - Magic Dart            Conj           100%       1d8       1%          1
c - Mephitic Cloud        Conj/Pois/Air  27%        N/A       1%          3
d - Irradiate             Conj/Tmut      22%        3d19      2%          5
e - Sticky Flame          Conj/Fire      45%        2d6       1%          4
x - Sublimation of Blood  Necr           31%        N/A       1%          2

Your spell library contained the following spells:

 Spells                   Type           Power      Damage    Failure   Level
 Stone Arrow              Conj/Erth      70%        3d11      1%          3
 Necrotise                Necr           100%       1d9       1%          1
 Flame Wave               Conj/Fire      45%        2d12      1%          4
 Inner Flame              Hex/Fire       20%        N/A       3%          3
 Call Imp                 Summ           20%        N/A       4%          2
 Ozocubu's Armour         Ice            10%        N/A       9%          3
 Agony                    Necr           31%        N/A       10%         5
 Petrify                  Tmut/Erth      18%        N/A       12%         4
 Ozocubu's Refrigeration  Ice            5%         4d8       100%        7


Dungeon Overview and Level Annotations

Branches:
Dungeon (9/15)             Temple (1/1) D:4
   Lair: D:8-11         Orc: D:9-12

Altars:
Ashenzari
Cheibriados
Dithmenos
Elyvilon
Fedhas
Gozag
Hepliaklqana
Kikubaaqudgha
Makhleb
Okawaru
Qazlal
Ru
Sif Muna
Trog
Uskayaw
Vehumet
Wu Jian
Xom
Yredelemnul
Zin
The Shining One

Shops:
D:3 :   D:4 *

Annotations:
D:5 2 transporters, PurpleRed's ghost, weakling DEDe
D:8 3 runed translucent doors, Kave's ghost, novice TrSh
D:9 Erolcha


Message History

* * * LOW HITPOINT WARNING * * *
The harpy skeleton closely misses you. The harpy skeleton claws you.
* * * LOW HITPOINT WARNING * * *
The harpy skeleton closely misses you.
Casting: Vampiric Draining (safe; 1% risk of failure)
Confirm with . or Enter, or press ? or * to list all spells.
Aiming: Vampiric Draining (safe; 1% risk of failure)
Press: ? - help, Shift-Dir - straight line, f - raiju
Aim: a raiju (heavily wounded)
You draw life force from the raiju!
You feel life coursing into your body! The harpy skeleton barely misses you.
The harpy skeleton claws you but does no damage.
The raiju closely misses you.
The harpy skeleton claws you but does no damage.
The harpy skeleton claws you.
Casting: Vampiric Draining (safe; 1% risk of failure)
Confirm with . or Enter, or press ? or * to list all spells.
Aiming: Vampiric Draining (safe; 1% risk of failure)
Press: ? - help, Shift-Dir - straight line, f/p - raiju
Aim: a raiju (almost dead)
You draw life force from the raiju!
You kill the raiju!
Vehumet accepts your kill.
You feel your power returning.
You feel life coursing into your body. The harpy skeleton closely misses you.
The harpy skeleton claws you. x2
* * * LOW HITPOINT WARNING * * *
The harpy skeleton misses you.
An apocalypse crab comes into view.
The harpy skeleton claws you!
* * * LOW HITPOINT WARNING * * *
The harpy skeleton closely misses you. The chaos spawn closely misses you.
The harpy skeleton closely misses you.
The harpy skeleton claws you but does no damage. x2
The harpy skeleton claws you.
* * * LOW HITPOINT WARNING * * *
The harpy skeleton closely misses you. The harpy skeleton barely misses you.
The harpy skeleton attacks as it pursues you!
The harpy skeleton claws you but does no damage.
The harpy skeleton claws you!
You die...

.# .. ## ... .# ..# .##
#..# .. ... ##
#########.###.# . ###.. .
#...#..§#. .
....#._h.....#..@#†.####.#
...#... ###.§.#.Z4...#...#
. .###.####.###.t...t##.
#..#..##.#.###.#.#§.#....#
. # .. #....##. #..##..#
#. ##..## #. ..#.## .##
#....# ...# .#.. #.# . .
.##.. . #. ##..#.. . ..#
###.#.#. ......# .


You could see 2 apocalypse crabs, a chaos spawn and a harpy skeleton.

Vanquished Creatures
  A hornet (D:8)
  2 raiju (Abyss:2)
  2 wyverns
  4 fire bats (Abyss:2)
  A steam dragon (D:8)
  5 yaks (D:8)
  Menkaure (D:4)
  A water moccasin (D:6)
  2 black bears (D:6)
  2 orc warriors
  A sky beast (D:8)
  2 ogres
  A phantom (D:5)
  4 bullfrogs
  5 scorpions
  4 wights (D:7)
  5 killer bees (D:8)
  A howler monkey (D:7)
  A jelly (D:6)
  4 hounds
  5 orc priests
  A sleepcap (D:4)
  Jessica (D:2)
  3 iguanas
  11 orc wizards
  7 adders
  4 gnolls
  A shadow imp (D:7)
  2 white imps
  4 ufetubi
  2 dart slugs
  33 orcs
  A bat (D:2)
  8 endoplasms
  5 giant cockroaches
  6 goblins
  2 hobgoblins
  3 jackals (D:4)
  8 kobolds
  A quokka (D:2)
  6 ball pythons
  3 frilled lizards
  A rat (D:1)
167 creatures vanquished.

Notes
Turn   | Place    | Note
-------+----------+-------------------------------------------
     0 | D:1      | PurpleRed the Deep Elf Brigand began the quest for the Orb.
     0 | D:1      | Reached XP level 1. HP: 12/12 MP: 3/3
    11 | D:1      | Reached skill level 1 in Spellcasting
   171 | D:3      | Found an opulent altar of Gozag.
   282 | D:1      | Reached XP level 2. HP: 16/16 MP: 7/7
   510 | D:2      | Noticed Jessica
   528 | D:2      | Killed Jessica
   529 | D:2      | Reached XP level 3. HP: 18/20 MP: 9/11
   634 | D:2      | Learned a level 3 spell: Vampiric Draining
   709 | D:3      | Found a faded altar of an unknown god.
   770 | D:3      | Found Zeet's Book Shop.
   797 | D:3      | Found a sacrificial altar of Ru.
   806 | D:3      | Reached XP level 4. HP: 25/25 MP: 12/12
   863 | D:3      | Reached skill level 5 in Spellcasting
   863 | D:3      | Reached skill level 1 in Necromancy
   906 | D:3      | Found a blossoming altar of Fedhas.
  1146 | D:4      | Noticed an ogre
  1161 | D:4      | Killed an ogre
  1162 | D:4      | Reached XP level 5. HP: 29/29 MP: 15/15
  1251 | D:4      | Reached XP level 6. HP: 28/34 MP: 17/17
  1254 | D:4      | Noticed Menkaure
  1279 | D:4      | Found a staircase to the Ecumenical Temple.
  1299 | D:4      | Reached skill level 5 in Necromancy
  1306 | D:4      | Reached skill level 1 in Conjurations
  1316 | Temple   | Entered the Ecumenical Temple
  1333 | Temple   | Became a worshipper of Vehumet
  1403 | D:4      | Learned a level 1 spell: Magic Dart
  1476 | D:5      | Entered Level 5 of the Dungeon
  1517 | D:5      | Reached skill level 2 in Conjurations
  1556 | D:4      | Found Buymarime's Mass Market.
  1595 | D:4      | Reached skill level 3 in Conjurations
  1708 | D:5      | Found a burning altar of Makhleb.
  1758 | D:5      | Reached XP level 7. HP: 15/38 MP: 6/18
  1828 | D:5      | Reached skill level 4 in Conjurations
  1851 | D:5      | Reached skill level 5 in Conjurations
  1911 | D:5      | Found a transporter.
  1911 | D:5      | Found a transporter.
  1924 | D:5      | HP: 1/36 [something (8)]
  1950 | D:5      | Reached skill level 6 in Conjurations
  1979 | D:5      | Noticed PurpleRed's ghost (weakling DEDe)
  2006 | D:5      | Reached * piety under Vehumet
  2006 | D:5      | Offered knowledge of Freeze by Vehumet.
  2154 | D:6      | Reached skill level 7 in Conjurations
  2193 | D:6      | Reached XP level 8. HP: 6/42 MP: 2/19
  2273 | D:6      | Reached skill level 8 in Conjurations
  2286 | D:6      | Learned a level 3 spell: Mephitic Cloud
  2417 | D:4      | Killed Menkaure
  2463 | D:3      | Bought a book of Alchemy for 280 gold pieces
  2681 | D:7      | Learned a level 5 spell: Irradiate
  2716 | D:7      | Reached skill level 1 in Transmutations
  2739 | D:8      | Reached skill level 9 in Conjurations
  2915 | D:6      | Reached XP level 9. HP: 47/47 MP: 11/21
  2963 | D:6      | Offered knowledge of Poisonous Vapours by Vehumet.
  2987 | D:6      | Found a basalt altar of Yredelemnul.
  3050 | D:6      | Found a large runed translucent door.
  3051 | D:6      | Found a large runed translucent door.
  3061 | D:6      | Reached ** piety under Vehumet
  3062 | D:6      | Found a snail-covered altar of Cheibriados.
  3069 | D:6      | Found an ornate altar of the Wu Jian Council.
  3145 | D:7      | Learned a level 4 spell: Sticky Flame
  3254 | D:7      | Reached skill level 10 in Conjurations
  3354 | D:7      | Reached skill level 1 in Fire Magic
  3636 | D:8      | Found a hazy altar of Hepliaklqana.
  3697 | D:8      | Reached skill level 11 in Conjurations
  3721 | D:8      | Learned a level 2 spell: Sublimation of Blood
  3864 | D:8      | Reached XP level 10. HP: 39/52 MP: 15/24
  3906 | D:8      | Found a runed translucent gate.
  3907 | D:8      | Found a runed translucent gate.
  3907 | D:8      | Found a runed translucent gate.
  3908 | D:8      | Found an opulent altar of Gozag.
  3908 | D:8      | Noticed a death knight
  3908 | D:8      | Noticed Kave's ghost (novice TrSh)
  3995 | D:9      | Offered knowledge of Stone Arrow by Vehumet.
  4002 | D:9      | Noticed Erolcha
  4003 | Abyss:2  | Cast into level 2 of the Abyss (Erolcha)
  4060 | Abyss:2  | Reached skill level 12 in Conjurations
  4098 | Abyss:2  | Noticed a thrashing horror
  4178 | Abyss:2  | Noticed a revenant
  4235 | Abyss:2  | Found a corrupted altar of Lugonu.
  4251 | Abyss:2  | Noticed an apocalypse crab
  4255 | Abyss:2  | Noticed an apocalypse crab
  4258 | Abyss:2  | Slain by a harpy skeleton

Illustrated notes

Levels and vault maps discovered:
D:1:      spicycebolla_arrival_clurvy, layout_basic
D:2:      layout_rooms, uniq_jessica
D:3:      layout_loops_corners, nicolae_gozag_cash_rules_everything_around_me,
          lemuel_doored_altar, nicolae_ru_great_annihilating_truth,
          serial_shops, shop, hellmonk_ecumenical_altar_run_dry,
          nicolae_houndstooth_variations
D:4:      layout_rooms, minmay_temple_entry_statues_pillars,
          minmay_misc_feat_cross, minmay_shop_mass, uniq_menkaure
D:5:      layout_cave_pools, bloody_makhleb, gammafunk_ghost_hive,
          wad_floor_pattern_2
D:6:      nicolae_cairo_tiling_large, layout_cave_pools, jmf_multi_god_temple2,
          kennysheep_mini_moat, nemelex_dance_club_becter
D:7:      layout_loops_cross
D:8:      layout_basic, mainiacjoe_overflow_alcove_2, ebering_ghost_gozag
D:9:      layout_cave_pools, minmay_lair_entry_grove, serial_shops,
          nicolae_shop_peninsula, uniq_erolcha, uniq_jeremiah
Temple:   oiseaux_autumnal_temple
Abyss:2:  base:
D:1

Skill      XL: |  1  2  3  4  5  6  7  8  9 10 |
---------------+-------------------------------+-----
Spellcasting   | 2 4 5 6 7 8 9 |  9.5
Necromancy     | 3 4 5 |  5.0
Conjurations   | 3 7 9 11 12 | 12.2
Transmutations | 2 4 |  4.0
Fire Magic     | 3 4 |  4.9
Fighting       | |  1.5
Short Blades   | |  2.0
Throwing       | |  2.0
Dodging        | |  1.2
Stealth        | |  4.8

Action                     |  1- 3 |  4- 6 |  7- 9 | 10-12 || total
---------------------------+-------+-------+-------+-------++-------
  Melee: Demon whip        |    55 |   114 |   188 |    24 ||   381
         Dagger            |     6 |       |       |       ||     6
         Punch             |       |     1 |     4 |       ||     5
  Throw: Dart              |       |    10 |     9 |       ||    19
         Javelin           |       |       |     1 |       ||     1
   Cast: Vampiric Draining |       |     7 |    51 |    17 ||    75
         Magic Dart        |       |     4 |    10 |       ||    14
         Sticky Flame      |       |       |    10 |     3 ||    13
         Sublimation of Bl |       |       |     6 |     5 ||    11
         Mephitic Cloud    |       |       |     6 |       ||     6
         Irradiate         |       |       |       |     1 ||     1
  Evoke: Wand              |       |       |     9 |       ||     9
    Use: Scroll            |       |     8 |     4 |     2 ||    14
         Potion            |       |       |     2 |     1 ||     3
   Stab: Sleeping          |     9 |     4 |     8 |     1 ||    22
         Invisible         |     1 |       |       |       ||     1
         Paralysed         |       |     2 |       |       ||     2
         Confused          |       |       |     5 |       ||     5
 Armour: Leather armour    |    22 |       |    54 |       ||    76
         Robe              |     3 |       |     7 |       ||    10
         Ring mail         |     2 |    83 |   127 |       ||   212
         Steam dragon scal |       |       |    18 |    56 ||    74
  Dodge: Dodged            |    37 |    61 |   144 |    45 ||   287

Table legend: (Time is in decaauts)
 A = Elapsed time spent in this place.
 B = Non-inter-level travel time spent in this place.
 C = Inter-level travel time spent in this place.
 D = Time resting spent in this place.
 E = Time spent auto-exploring this place.
 F = Levels seen in this place.
 G = Mean time per level.
                   A        B        C        D        E       F      G
               +--------+--------+--------+--------+--------+-----+--------+
         Total |   4300 |   4038 |    262 |     14 |      0 |  11 |  390.9 |
       Dungeon |   4010 |   3748 |    262 |      0 |      0 |   9 |  445.6 |
        Temple |     34 |     34 |      0 |      0 |      0 |   1 |   34.0 |
         Abyss |    255 |    255 |      0 |     14 |      0 |   1 |  255.0 |
               +--------+--------+--------+--------+--------+-----+--------+

Top non-repeatable levels by time:
     D:4: 605 daAuts
     D:5: 579 daAuts
     D:3: 566 daAuts
     D:7: 556 daAuts
     D:6: 540 daAuts
     D:8: 499 daAuts
     D:2: 319 daAuts
     D:1: 275 daAuts
 Abyss:2: 255 daAuts
     D:9: 68 daAuts
  Temple: 34 daAuts
